 Dungeon Crawl Stone Soup version 0.21-a0-283-g622b906 (webtiles) character file.

798 4thArraOfDagon the Chopper (level 7, -20/52 HPs)
             Began as a Demonspawn Berserker on Sept 24, 2017.
             Was a Priest of Trog.
             Demolished by an ogre
             ... wielding a cursed -1 giant club
              (27 damage)
             ... on level 6 of the Dungeon.
             The game lasted 00:08:17 (1722 turns).

4thArraOfDagon the Chopper (Demonspawn Berserker)   Turns: 1722, Time: 00:08:18

Health: -20/52     AC: 16    Str: 22    XL:     7   Next: 58%
Magic:  7/7        EV:  2    Int: 11    God:    Trog [***...]
Gold:   206        SH:  0    Dex: 12    Spells: 6/6 levels left

rFire    + . .     SeeInvis .   a - +0 hand axe
rCold    . . .     Gourm    .   (no shield)
rNeg     . . .     Faith    .   j - +0 plate armour
rPois    .         Spirit   .   (no helmet)
rElec    .         Reflect  .   (no cloak)
rCorr    .         Harm     +   (no gloves)
MR       ++...                  i - +2 pair of boots {Fly}
Stlth    ..........             k - amulet of harm
HPRegen  1.17/turn              o - -5 ring of evasion (curse)
MPRegen  0.10/turn              (no ring)

@: mighty, berserk cooldown, flying, regenerating
A: icy blue scales 1, fire resistance 1, powered by pain 1
a: Berserk, Trog's Hand, Burn Spellbooks, Renounce Religion, Stop Flying


You were on level 6 of the Dungeon.
You worshipped Trog.
Trog was most pleased with you.
You were not hungry.

You visited 1 branch of the dungeon, and saw 6 of its levels.

You collected 206 gold pieces.

Inventory:

Hand Weapons
 a - a +0 hand axe (weapon)
Armour
 b - a +0 animal skin
 i - a +2 pair of boots of flying (worn)
 j - a +0 plate armour (worn)
Jewellery
 k - an amulet of harm (around neck)
 o - a cursed -5 ring of evasion (left hand)
Wands
 e - a wand of random effects (1/48)
Scrolls
 h - a scroll of magic mapping {unknown}
 m - a scroll of random uselessness {unknown}
 n - a scroll of enchant armour {unknown}
 r - a scroll of teleportation {unknown}
Potions
 g - a potion of might {unknown}
 p - a potion of flight {unknown}
Comestibles
 c - 3 bread rations
 d - 2 meat rations
 f - a royal jelly
 q - a fruit


   Skills:
 - Level 3.0 Fighting
 * Level 7.2 Axes
 - Level 3.1 Armour
 - Level 3.3 Dodging


You had 6 spell levels left.
You didn't know any spells.

Dungeon Overview and Level Annotations

Branches:
Dungeon (6/15)
 Temple: D:4-7

Altars:
Dithmenos
Gozag
Makhleb
Trog
Xom


Innate Abilities, Weirdness & Mutations

You are partially covered in icy blue scales. (AC +2)
Your flesh is heat resistant. (rF+)
You sometimes gain a little power by taking damage.


Message History

Aim: an ogre, wielding a giant club (moderately wounded)
The ogre resists with significant effort.
Evoking this partially-identified wand wasted a few charges.
The ogre hits you with a giant club!
* * * LOW HITPOINT WARNING * * *
You focus on the pain.
You feel very mighty all of a sudden.
Unknown command.
Unknown command.
You closely miss the ogre.
The ogre is moderately wounded.
You feel yourself speed up. The ogre hits you but does no damage.
Unknown command.
Unknown command.
You slash the ogre!
The ogre is almost dead.
The ogre hits you with a giant club!!
Ouch! That really hurt!
You die...

+............
#....#....
##....#..######
#.....#<.......
#...#.......#### .
...#........... ..
#.#.........#
...###
#.....#'##..#
....).##...O@#.#
.#
.........)...#.# #
.............#..
###.%....#######
......##+#........
..... #...)†......
.... #...........
... #.........!.
.[ #...........


You could see an ogre.

Vanquished Creatures
  Grinder (D:3)
  Sigmund (D:3)
  A scorpion (D:4)
  Terence (D:3)
  4 orc wizards
  A worker ant (D:2)
  A hound skeleton (D:4)
  A worker ant zombie (D:6)
  3 gnolls (D:4)
  10 adders
  An ooze (D:1)
  An adder zombie (D:4)
  A worm (D:3)
  A dart slug (D:2)
  2 leopard geckos
  7 orcs
  3 ball pythons
  4 bats
  3 giant cockroaches
  4 goblins
  5 hobgoblins
  2 jackals (D:3)
  2 quokkas
  5 frilled lizards
  6 kobolds
  2 leopard gecko skeletons
  4 rats
77 creatures vanquished.

Vanquished Creatures (others)
  An adder skeleton (D:5)
  An adder zombie (D:5)
2 creatures vanquished.

Grand Total: 79 creatures vanquished

Notes
Turn   | Place    | Note
-------+----------+-------------------------------------------
     0 | D:1      | 4thArraOfDagon the Demonspawn Berserker began the quest for the Orb.
     0 | D:1      | Reached XP level 1. HP: 18/18 MP: 1/1
    99 | D:1      | Reached skill level 3 in Axes
    99 | D:1      | Gained mutation: Your flesh is heat resistant. (rF+) [demonic ancestry]
    99 | D:1      | Reached XP level 2. HP: 24/24 MP: 2/2
   158 | D:2      | Found a transporter.
   158 | D:2      | Found a shadowy altar of Dithmenos.
   160 | D:2      | Found a transporter.
   161 | D:2      | Found a burning altar of Makhleb.
   196 | D:2      | Found a shimmering altar of Xom.
   403 | D:2      | Gained mutation: You are partially covered in icy blue scales. (AC +2) [demonic ancestry]
   403 | D:2      | Reached XP level 3. HP: 19/29 MP: 3/3
   600 | D:3      | Noticed Grinder
   612 | D:3      | Killed Grinder
   612 | D:3      | Reached skill level 4 in Axes
   612 | D:3      | Reached XP level 4. HP: 20/35 MP: 4/4
   612 | D:3      | Reached XP level 5. HP: 23/41 MP: 5/5
   645 | D:3      | Reached XP level 6. HP: 13/47 MP: 6/6
   706 | D:3      | Thaneod: zrobilem sobie mibe
   760 | D:3      | Noticed Terence
   767 | D:3      | Thaneod: bo juz mnie wnerwialo ciagly death:)
   776 | D:3      | Killed Terence
   799 | D:3      | Thaneod: maga ciezko zrobic...
   829 | D:3      | Noticed Sigmund
   835 | D:3      | Killed Sigmund
   835 | D:3      | Reached ** piety under Trog
   835 | D:3      | Reached skill level 5 in Axes
  1123 | D:3      | 4thArraOfDagon: no, mag jest ciezki na poczatku
  1172 | D:3      | Reached skill level 6 in Axes
  1220 | D:4      | Gained mutation: You sometimes gain a little power by taking damage. [demonic ancestry]
  1220 | D:4      | Reached XP level 7. HP: 52/52 MP: 7/7
  1292 | D:4      | Thaneod: znowu bedziesz mutagenne ciala jadl?
  1367 | D:3      | Found a bloodstained altar of Trog.
  1382 | D:3      | 4thArraOfDagon: no tak
  1382 | D:3      | 4thArraOfDagon: bo i tak nieszkoda tej postaci, przeciez nic niemam :)
  1414 | D:4      | Found an opulent altar of Gozag.
  1488 | D:4      | Reached skill level 7 in Axes
  1489 | D:4      | Reached *** piety under Trog
  1558 | D:5      | Entered Level 5 of the Dungeon
  1722 | D:6      | Demolished by an ogre

Vault maps used:
D:1:      dpeg_arrival_round_b
D:2:      cheibrodos_helix_gallery, gammafunk_temple_overflow_arena,
          overflow_temple_1_default
D:3:      lemuel_doored_altar, serial_bayou_pond_e, minmay_misc_feat_x,
          guppyfry_early_orc_mine, uniq_terence, uniq_sigmund, uniq_grinder
D:4:      cheibrodos_quashed, lemuel_round_altar,
          eat_drink_and_be_merry_uskayaw, tgw_fedhas, first_bread,
          kennysheep_small_circle
D:5:      fiery_altar_vehumet, minmay_misc_feat_ornament, uniq_eustachio
D:6:      nicolae_ru_the_path_less_chosen, nicolae_tso_besieged_by_evil,
          minmay_temple_entry_large_hall

Skill      XL: |  1  2  3  4  5  6  7 |
---------------+----------------------+-----
Axes           | 3 4 6 7 |  7.2
Dodging        | 2 3 |  3.3
Armour         | 2 3 |  3.1
Fighting       | |  3.0

Action                   |  1- 3 |  4- 6 |  7- 9 || total
-------------------------+-------+-------+-------++-------
Melee: Hand axe          |    51 |    86 |    51 ||   188
Invok: Berserk           |     7 |     5 |     6 ||    18
       Trog's Hand       |       |       |     1 ||     1
Evoke: Wand              |       |       |     4 ||     4
  Use: Potion            |     2 |       |     1 ||     3
       Scroll            |     1 |     2 |       ||     3
 Stab: Sleeping          |     1 |       |       ||     1
  Eat: Chunk             |     5 |     6 |     9 ||    20
Armor: Animal skin       |    20 |    14 |       ||    34
       Plate armour      |       |    41 |    74 ||   115
Dodge: Dodged            |    28 |    38 |    29 ||    95

Table legend:
 A = Spawn XP
 B = Non-spawn XP
 C = Spawn XP percentage of total XP
 D = Spawn monster count
 E = Non-spawn monster count
 F = Spawn count percentage of total count
 G = Total turns spent on level
                    A         B        C        D         E        F      G
               +---------+---------+-------+---------+---------+-------+---------
         Total |       0 |    1140 |   0.0 |       0 |      77 |   0.0 |  1722
               +---------+---------+-------+---------+---------+-------+---------
           D:1 |       0 |      20 |   0.0 |       0 |      10 |   0.0 |   161
           D:2 |       0 |      65 |   0.0 |       0 |      12 |   0.0 |   565
           D:3 |       0 |     636 |   0.0 |       0 |      22 |   0.0 |   554
           D:4 |       0 |     330 |   0.0 |       0 |      26 |   0.0 |   278
           D:5 |       0 |      26 |   0.0 |       0 |       2 |   0.0 |   118
           D:6 |       0 |      63 |   0.0 |       0 |       5 |   0.0 |    46
               +---------+---------+-------+---------+---------+-------+---------
